 Dungeon Crawl Stone Soup version 0.32-a0-519-g08f29ac1c3 (webtiles) character file.

Game seed: 14819951562958510320

5437 seren the Carver (level 10, -10/77 HPs)
             Began as a Coglin Gladiator on Feb 28, 2024.
             Was an Initiate of Gozag.
             Mangled by an orc warrior
             ... wielding a +0 war axe
              (13 damage)
             ... in a bailey.
             The game lasted 00:23:22 (9065 turns).

seren the Carver (Coglin Gladiator)                 Turns: 9065, Time: 00:23:23

Health: -10/77     AC: 15    Str: 17    XL:     10   Next: 68%
Magic:  10/10      EV: 13    Int:  8    God:    Gozag
Gold:   1019       SH:  0    Dex: 20    Spells: 9/9 levels left

rFire   . . .        a - +1 long sword {Marisol}
rCold   + . .        r - +0 long sword {Ari}
rNeg    . . .        t - +7 scale mail of the Byakko {rPois rC+ Str+3}
rPois   +            c - +0 helmet
rElec   .            v - +0 cloak
rCorr   .            x - +0 pair of gloves
SInv    .            (no boots)
Will    .....        s - amulet of the acrobat Stlth
                     (ring unavailable)
HPRegen 0.32/turn    (ring unavailable)
MPRegen 0.12/turn

%: acrobat
@: mighty, gold aura, revved
A: off-hand wielding, slow wielding, warmup strikes, no rings, deformed body
a: Renounce Religion, Potion Petition, Call Merchant, Bribe Branch


You were in a bailey.
You worshipped Gozag.
Gozag was most pleased with you.
You visited 2 branches of the dungeon, and saw 10 of its levels.
You also visited: Bailey.

You collected 1188 gold pieces.
You spent 96 gold pieces at shops.
You paid 73 gold pieces to Gozag.

Inventory:

Hand Weapons
 a - a +1 long sword (weapon) {Marisol}
 o - a +2 short sword
 r - a +0 long sword (offhand) {Ari}
 z - a +2 dagger of draining
 B - a +1 whip of electrocution
 K - a +0 spectral dagger
 O - a +0 short sword of venom
Missiles
 d - 8 throwing nets {!f}
 e - a javelin
 A - 17 poisoned darts (quivered)
 N - 12 curare-tipped darts
 P - 17 boomerangs
 R - 4 datura-tipped darts
Armour
 c - a +0 helmet (worn)
 j - a scarf of shadows
 t - the +7 scale mail of the Byakko (worn) {rPois rC+ Str+3}
   (You took it off a hobgoblin on level 2 of the Dungeon)

   Str+3:     It affects your strength (+3).
   rC+:       It protects you from cold.
   rPois:     It protects you from poison
 v - a +0 cloak (worn)
 x - a +0 pair of gloves (worn)
Jewellery
 s - an amulet of the acrobat (around neck)
Talismans
 y - a blade talisman
 M - the beast talisman of Plasticity {rC+ rN+ SInv}
   (You found it on level 6 of the Dungeon)

   [beast talisman]

   rC+:       It protects you from cold.
   rN+:       It protects you from negative energy.
   SInv:      It lets you see invisible.
Wands
 D - a wand of light (8)
 I - a wand of flame (25)
 L - a wand of digging (10)
Scrolls
 b - 3 scrolls of vulnerability
 f - a scroll of revelation
 g - 2 scrolls of enchant weapon
 h - a scroll of immolation {unknown}
 i - a scroll of amnesia {unknown}
 k - 7 scrolls of teleportation {!r}
 l - 4 scrolls of fog
 m - a scroll of summoning {unknown}
 p - a scroll of noise {unknown}
 q - a scroll of fear {unknown}
 w - a scroll of acquirement {unknown}
 C - a scroll of poison {unknown}
 F - a scroll of enchant armour {unknown}
 J - 2 scrolls of blinking {unknown}
Potions
 n - a potion of brilliance
 u - a potion of degeneration
 G - 2 potions of lignification
 H - 4 potions of enlightenment
 Q - a potion of haste


   Skills:
 + Level 6.8 Fighting
 - Level 3.1(6.4) Short Blades
 * Level 9.6(9.9) Long Blades
 - Level 2.0 Throwing
 + Level 5.7 Armour
 + Level 6.4 Dodging
 - Level 6.0 Evocations


You had 9 spell levels left.
You didn't know any spells.
Your spell library contained the following spells:

 Spells                   Type           Power      Damage    Failure   Level
 Apportation              Tloc           0%         N/A       80%         1
 Magic Dart               Conj           0%         1d3       80%         1
 Necrotise                Necr           0%         1d4       80%         1
 Sting                    Conj/Alch      0%         1d3       80%         1
 Summon Small Mammal      Summ           0%         N/A       80%         1
 Searing Ray              Conj           0%         2d4       90%         2
 Fulminant Prism          Conj/Alch      0%         3d5       100%        4
 Alistair's Intoxication  Alch           0%         N/A       100%        5
 Borgnjor's Vile Clutch   Necr/Erth      0%         N/A       100%        5
 Eringya's Noxious Bog    Alch           0%         4d6       100%        6


Dungeon Overview and Level Annotations

Branches:
Dungeon (9/15)             Temple (1/1) D:5            Lair (0/5) D:9
    Orc (0/2) D:9          Bailey (1/1)

Altars:
Ashenzari
Cheibriados
Dithmenos
Elyvilon
Gozag
Hepliaklqana
Kikubaaqudgha
Makhleb
Nemelex Xobeh
Okawaru
Qazlal
Ru
Sif Muna
Trog
Uskayaw
Vehumet
Wu Jian
Xom
Yredelemnul
Zin
The Shining One
Beogh

Shops:
D:4 :   D:8 ?

Annotations:
D:7 3 runed translucent doors, TobyConnect's ghost, novice OpFi


Innate Abilities, Weirdness & Mutations

You can wield a second weapon in your off-hand.
It takes a long time for you to wield or remove held weapons.
Your first few attacks do less damage.
Your grasper-arms cannot wear rings.
Armour fits poorly on your strangely shaped body.


Message History

The kobold brigand shouts!
You closely miss the orc warrior with your +0 long sword.
The orc warrior is heavily wounded.
You closely miss the orc warrior with your +1 long sword.
The kobold brigand is no longer distracted by gold.
You hit the orc warrior with your +1 long sword.
The orc warrior is heavily wounded.
You hit the orc warrior but do no damage.
The orc warrior hits you with a +0 battleaxe!
* * * LOW HITPOINT WARNING * * *
You hit the orc warrior but do no damage.
The orc warrior is heavily wounded.
You hit the orc warrior with your +0 long sword.
You closely miss the orc warrior with your +1 long sword.
The orc warrior is severely wounded.
You slash the orc warrior with your +0 long sword!
You kill the orc warrior!
You barely miss the kobold brigand with your +0 long sword.
The kobold brigand is heavily wounded.
You barely miss the kobold brigand with your +1 long sword.
The kobold brigand misses you.
You slash the kobold brigand with your +1 long sword!
The kobold brigand is almost dead.
You miss the kobold brigand with your +0 long sword.
The kobold brigand hits you but does no damage.
You hit the kobold brigand with your +0 long sword.
You kill the kobold brigand!
You feel very mighty all of a sudden.
The orc warrior hits you with a +0 broad axe!
* * * LOW HITPOINT WARNING * * *
You closely miss the orc warrior with your +1 long sword.
You slash the orc warrior with your +0 long sword!
You slice the orc warrior with your +0 long sword!!
The orc warrior is severely wounded.
You hit the orc warrior with your +1 long sword.
The orc warrior hits you with a +0 broad axe.
* * * LOW HITPOINT WARNING * * *
The orc warrior hits you with a +0 war axe!
You die...
Your body crumbles into a pile of gold.

##~~.......~~##
..~~.......~~..
##~~.......~~##
##~.......~##
####'''####
##.....##
#∩.....∩#
#...ß...#
##.@o..##
###o### ...#
...... ........
.K.........
....o.......
.............


You could see 2 orc warriors.

Vanquished Creatures
  2 trolls
  A hornet (D:9)
  A vampire (D:9)
  A wyvern (D:5)
  3 water moccasins
  8 orc warriors
  3 black bears
  4 sky beasts
  2 centaurs
  An elf zombie (D:6)
  8 kobold brigands
  3 gnoll sergeants (D:8)
  A bullfrog (D:9)
  3 scorpions
  11 wights
  3 howler monkeys
  2 centaur zombies
  A human zombie (D:6)
  3 orc priests
  A gnoll bouda (D:7)
  Jessica (D:2)
  An iguana (D:5)
  3 sleepcaps
  4 orc wizards (D:8)
  2 scorpion zombies (D:6)
  2 killer bee zombies
  2 ogre zombies (D:6)
  4 hound zombies (D:6)
  A howler monkey zombie (D:6)
  21 gnolls
  2 adders
  A white imp (D:6)
  2 adder zombies (D:6)
  A ribbon worm (D:2)
  22 orcs
  9 ball pythons
  5 bats
  An endoplasm (D:1)
  A giant cockroach (D:4)
  3 goblins
  8 hobgoblins
  5 jackals (D:1)
  23 kobolds
  2 frilled lizards
  6 rats
194 creatures vanquished.

Notes
Turn   | Place    | Note
-------+----------+-------------------------------------------
     0 | D:1      | seren the Coglin Gladiator began the quest for the Orb.
     0 | D:1      | Reached XP level 1. HP: 16/16 MP: 1/1
   323 | D:1      | Reached XP level 2. HP: 22/22 MP: 2/2
  1041 | D:2      | Reached XP level 3. HP: 27/27 MP: 3/3
  1047 | D:2      | Noticed Jessica
  1060 | D:2      | Killed Jessica
  1061 | D:2      | Reached skill level 1 in Armour
  1359 | D:1      | Reached XP level 4. HP: 13/34 MP: 4/4
  1682 | D:2      | Identified the +7 scale mail of the Byakko {rPois rC+
                  | Str+3}
  2234 | D:3      | You fall into a shaft and drop 2 floors!
  2234 | D:5      | Entered Level 5 of the Dungeon
  2247 | D:5      | Noticed a black bear
  2289 | D:6      | Noticed a scorpion
  2298 | D:6      | Killed a scorpion
  2299 | D:6      | Reached skill level 4 in Long Blades
  2299 | D:6      | Reached XP level 5. HP: 30/40 MP: 5/5
  2395 | D:6      | Noticed a troll
  2398 | D:6      | Gained mutation: Armour fits poorly on your strangely
                  | shaped body. [potion of mutation]
  2409 | D:6      | Killed a troll
  2410 | D:6      | Reached skill level 1 in Short Blades
  2410 | D:6      | Reached XP level 6. HP: 25/47 MP: 6/6
  2550 | D:6      | Found a basalt altar of Yredelemnul.
  2577 | D:6      | Found a hazy altar of Hepliaklqana.
  2618 | D:6      | Reached skill level 5 in Long Blades
  2635 | D:6      | Reached XP level 7. HP: 28/51 MP: 7/7
  2777 | D:5      | Found a staircase to the Ecumenical Temple.
  2786 | Temple   | Entered the Ecumenical Temple
  3071 | D:3      | Found a shimmering blue altar of Sif Muna.
  3071 | D:3      | Found an opulent altar of Gozag.
  3148 | D:3      | Found a faded altar of an unknown god.
  3201 | D:3      | Became a worshipper of Gozag Ym Sagoz the Greedy
  3760 | D:4      | Reached skill level 1 in Evocations
  4034 | D:4      | Found Hoev's Tiny Tomes.
  4087 | D:4      | Found an ornate altar of the Wu Jian Council.
  4485 | D:5      | Reached XP level 8. HP: 47/59 MP: 8/8
  4490 | D:5      | Noticed a wyvern
  4608 | D:5      | Killed a wyvern
  4609 | D:5      | Reached skill level 6 in Long Blades
  4790 | D:5      | Found a snail-covered altar of Cheibriados.
  5033 | D:5      | Found an iron altar of Okawaru.
  5183 | D:6      | Identified the beast talisman of Plasticity {rC+ rN+ SInv}
  5239 | D:6      | Reached skill level 7 in Long Blades
  5239 | D:6      | Reached XP level 9. HP: 60/67 MP: 9/9
  5464 | D:6      | Found an ancient bone altar of Kikubaaqudgha.
  5488 | D:6      | Found a sacrificial altar of Ru.
  5818 | D:7      | Reached skill level 5 in Fighting
  5916 | D:7      | Reached skill level 5 in Dodging
  6227 | D:7      | Found a runed translucent gate.
  6227 | D:7      | Found a runed translucent gate.
  6227 | D:7      | Found a runed translucent gate.
  6227 | D:7      | Noticed TobyConnect's ghost (novice OpFi)
  6229 | D:7      | Found a basalt altar of Yredelemnul.
  6401 | D:7      | Found a sand-covered staircase.
  6591 | D:7      | Reached skill level 5 in Evocations
  7127 | D:8      | Reached skill level 8 in Long Blades
  7595 | D:8      | Found Irytef's Magic Scroll Boutique.
  7602 | D:8      | Bought a scroll of fog for 48 gold pieces
  7602 | D:8      | Bought a scroll of identify for 24 gold pieces
  7602 | D:8      | Bought a scroll of identify for 24 gold pieces
  7619 | D:8      | Found a hide-covered altar of Uskayaw.
  8081 | D:8      | Reached XP level 10. HP: 74/76 MP: 10/10
  8270 | D:9      | Found a flagged portal.
  8286 | D:9      | Reached skill level 5 in Armour
  8524 | D:9      | Reached skill level 9 in Long Blades
  8841 | D:9      | Found a roughly hewn altar of Beogh.
  8841 | D:9      | Found a staircase to the Orcish Mines.
  8851 | D:9      | Noticed an elephant
  8901 | Bailey   | Entered a bailey
  9065 | Bailey   | HP: 3/77 [orc warrior/+0 broad axe (6)]
  9065 | Bailey   | Mangled by an orc warrior

Illustrated notes

Levels and vault maps discovered:
D:1:      dpeg_arrival_radiant, layout_basic, minmay_shallow_snake_nest
D:2:      layout_basic, uniq_jessica
D:3:      wander_river, layout_loops_corners, gammafunk_temple_overflow_wave,
          shapermc_ecumenical_altar_gd
D:4:      layout_cave_pools, nicolae_wu_jian_glorious_leap,
          hangedman_decor_growths, nicolae_shop_i_like_small_books_too,
          lexackson_kobold_supper
D:5:      layout_cave_pools, mainiacjoe_overflow_boulevard,
          hellmonk_okawaru_the_only_friend_you_need,
          minmay_temple_entry_statues_fountains, grunt_decor_fettered,
          minmay_liquid_box
D:6:      layout_cave_pods, marbit_many_paths, nicolae_hepliaklqana_hazy_memory,
          kennysheep_little_box, glass_columns_b, roadster_capsule_ark_zombie
D:7:      layout_basic, nicolae_yredelemnul_ghost_church,
          lightli_ossuary_entry_decrepit_ruins
D:8:      layout_basic, mainiacjoe_overflow_24_doors, serial_shops, shop
D:9:      layout_basic, grunt_lair_entry_orc_guard_hut, david_orc_5,
          enter_bailey_8
Temple:   grunt_temple_mini_profane
Bailey:   bailey_axe_3, bailey

Skill      XL: |  1  2  3  4  5  6  7  8  9 10 |
---------------+-------------------------------+-----
Throwing       | 2 |  2.0
Armour         | 1 2 3 4 5 |  5.7
Dodging        | 3 4 5 6 |  6.4
Long Blades    | 4 5 7 8 9 |  9.6
Fighting       | 3 4 5 6 |  6.8
Short Blades   | 1 2 3 |  3.1
Evocations     | 2 4 5 6 |  6.0

Action                     |  1- 3 |  4- 6 |  7- 9 | 10-12 || total
---------------------------+-------+-------+-------+-------++-------
  Melee: Long sword        |    73 |   141 |   609 |   244 ||  1067
         Dagger            |    62 |     8 |       |       ||    70
Ability: Begin Untransform |       |       |     1 |     1 ||     2
  Evoke: Wand              |       |       |       |     2 ||     2
    Use: Potion            |       |     3 |     3 |     4 ||    10
         Scroll            |       |       |     8 |     1 ||     9
   Stab: Distracted        |       |       |     1 |       ||     1
         Invisible         |       |       |     7 |       ||     7
 Armour: Scale mail        |    65 |    65 |   219 |    99 ||   448
         Leather armour    |     1 |       |       |       ||     1
  Dodge: Dodged            |    39 |    52 |   259 |   133 ||   483
   Form: Beast             |       |       |     1 |     1 ||     2

Table legend: (Time is in decaauts)
 A = Elapsed time spent in this place.
 B = Non-inter-level travel time spent in this place.
 C = Inter-level travel time spent in this place.
 D = Time resting spent in this place.
 E = Time spent auto-exploring this place.
 F = Levels seen in this place.
 G = Mean time per level.
                   A        B        C        D        E       F      G
               +--------+--------+--------+--------+--------+-----+--------+
         Total |   9106 |   8505 |    601 |   1033 |   4859 |  11 |  827.8 |
       Dungeon |   8940 |   8339 |    601 |   1033 |   4859 |   9 |  993.3 |
        Temple |      1 |      1 |      0 |      0 |      0 |   1 |    1.0 |
        Bailey |    164 |    164 |      0 |      0 |      0 |   1 |  164.0 |
               +--------+--------+--------+--------+--------+-----+--------+

Top non-repeatable levels by time:
     D:7: 1483 daAuts
     D:1: 1238 daAuts
     D:6: 1198 daAuts
     D:8: 1194 daAuts
     D:3: 1033 daAuts
     D:4: 928 daAuts
     D:2: 841 daAuts
     D:5: 613 daAuts
     D:9: 407 daAuts
  Bailey: 164 daAuts
  Temple: 1 daAuts
